 Dungeon Crawl Stone Soup version 0.29.1-2-gbd0b4ee654 (webtiles) character file.

Game seed: 4279769852047208679

352 Hadkhar the Trooper (level 6, 37/40 HPs)
             Began as a Gargoyle Monk on Nov 8, 2022.
             Quit the game on level 4 of the Dungeon on Nov 9, 2022.
             The game lasted 00:20:32 (4407 turns).

Hadkhar the Trooper (Gargoyle Monk)                 Turns: 4407, Time: 00:20:33

Health: 37/40      AC: 10    Str: 17    XL:     6   Next: 61%
Magic:  6/6        EV: 12    Int: 10    God:
Gold:   197        SH:  0    Dex: 12    Spells: 5/5 levels left

rFire   . . .      SeeInvis .   n - +0 morningstar
rCold   . . .      Faith    .   (no shield)
rNeg    + . .      Spirit   .   f - +0 leather armour
rPois   ∞          Reflect  .   s - +0 helmet
rElec   +          Harm     .   (no cloak)
rCorr   .          Rampage  .   (no gloves)
Will    .....                   q - +0 pair of boots
Stlth   ++........              (no amulet)
HPRegen 0.13/turn               (no ring)
MPRegen 0.10/turn               (no ring)

@: no status effects
A: sickness immunity, AC +4, negative energy resistance 1, electricity
resistance, torment resistance 1, petrification resistance
a: no special abilities


You were on level 4 of the Dungeon.
You visited 1 branch of the dungeon, and saw 4 of its levels.

You collected 197 gold pieces.

Inventory:

Hand Weapons
 b - a +0 war axe
 n - a +0 morningstar (weapon)
 r - a +3 dagger of venom
Missiles
 m - 3 javelins (quivered)
Armour
 f - a +0 leather armour (worn)
 q - a +0 pair of boots (worn)
 s - a +0 helmet (worn)
Wands
 t - a wand of polymorph (10)
Scrolls
 a - 2 scrolls of teleportation
 g - 3 scrolls of noise {unknown}
 h - a scroll of poison {unknown}
 j - a scroll of torment {unknown}
 k - a scroll of enchant weapon {unknown}
 l - 2 scrolls of blinking {unknown}
Potions
 c - 2 potions of brilliance {unknown}
 d - a potion of curing {unknown}
 e - 2 potions of mutation
 i - a potion of cancellation
 o - a potion of magic
 p - a potion of flight {unknown}


   Skills:
 + Level 5.2 Fighting
 + Level 4.8 Maces & Flails
 + Level 3.4 Armour
 - Level 2.4 Dodging
 - Level 2.8 Stealth


You had 5 spell levels left.
You didn't know any spells.
Your spell library contained the following spells:

 Spells                   Type           Power      Damage    Failure   Level
 Beastly Appendage        Tmut           0%         N/A       41%         1
 Blink                    Tloc           0%         N/A       56%         2
 Wereblood                Tmut           0%         N/A       56%         2
 Spider Form              Tmut/Pois      0%         N/A       80%         3
 Manifold Assault         Tloc           0%         N/A       100%        5
 Malign Gateway           Summ/Tloc      0%         N/A       100%        7
 Storm Form               Tmut/Air       0%         N/A       100%        7
 Summon Horrible Things   Summ           0%         N/A       100%        8


Dungeon Overview and Level Annotations

Branches:
Dungeon (4/15)
 Temple: D:4-7

Altars:
Dithmenos
Nemelex Xobeh
Trog
Wu Jian


Innate Abilities, Weirdness & Mutations

You are immune to sickness and miasma.
Your stone body is resilient. (AC +4)
You are immune to poison.
You resist negative energy. (rN+)
You are resistant to electric shocks. (rElec)
You are resistant to unholy torment.
You are immune to petrification.


Message History

A giant cockroach comes into view.
There is an open door here.
The adder bites you but does no damage.
You closely miss the adder. The adder closely misses you.
You barely miss the adder. The adder closely misses you.
The giant cockroach closely misses you. The adder bites you but does no damage.
You closely miss the adder. The adder barely misses you.
The giant cockroach barely misses you. The adder barely misses you.
You hit the adder.
The adder is lightly wounded.
The giant cockroach bites you. The adder bites you but does no damage.
The giant cockroach bites you but does no damage.
You barely miss the adder.
The adder is lightly wounded.
The adder bites you but does no damage. The giant cockroach bites you.
The adder barely misses you.
You closely miss the giant cockroach.
The giant cockroach waves its antennae.
The giant cockroach bites you but does no damage.
The adder bites you but does no damage.
The giant cockroach completely misses you.
The adder closely misses you.
You barely miss the giant cockroach.
The giant cockroach bites you but does no damage.
The adder bites you.
You sock the giant cockroach!
You kill the giant cockroach!
The adder misses you. The adder bites you but does no damage.
The adder bites you but does no damage. The adder barely misses you.
You puncture the adder!
The adder is almost dead.
The adder completely misses you. The adder closely misses you.
You miss the adder.
The adder is almost dead.
The adder misses you. The adder closely misses you.
You thump the adder!
You kill the adder!
You see here an adder corpse.
Are you sure you want to abandon this character and quit the game? (Confirm with "yes".)

#.... .. #....####.#
#.........#
#.........+ ........#
###########......#
#.........#......+
#.#######.#......#
#.# #.#..@...# #.#
#.#......# ####.#
#.#......#
#....#######.###'####
#.#####...##.# #.#
#.# #.#.##.###.# #.#
#..........#
#.#######.##.#####
#......<#.##.#


There were no monsters in sight!

Vanquished Creatures
  Sigmund (D:3)
  A howler monkey (D:3)
  Ijyb (D:3)
  Robin (D:3)
  A gnoll (D:1)
  4 adders
  A worm (D:2)
  4 dart slugs
  An orc (D:2)
  2 ball pythons
  5 bats
  3 endoplasms
  A giant cockroach (D:4)
  12 goblins
  11 hobgoblins
  A quokka (D:1)
  A frilled lizard (D:3)
  7 kobolds
  6 rats
64 creatures vanquished.

Vanquished Creatures (others)
  A frilled lizard (D:3)
1 creature vanquished.

Grand Total: 65 creatures vanquished

Notes
Turn   | Place    | Note
-------+----------+-------------------------------------------
     0 | D:1      | Hadkhar the Gargoyle Monk began the quest for the Orb.
     0 | D:1      | Reached XP level 1. HP: 14/14 MP: 1/1
   275 | D:1      | Reached XP level 2. HP: 12/19 MP: 2/2
   702 | D:1      | Found a faded altar of an unknown god.
  1241 | D:1      | Reached XP level 3. HP: 24/24 MP: 3/3
  2228 | D:2      | Reached skill level 1 in Armour
  2315 | D:2      | Reached skill level 4 in Fighting
  2492 | D:2      | Reached XP level 4. HP: 20/29 MP: 4/4
  3160 | D:3      | Noticed Robin
  3253 | D:3      | Killed Robin
  3562 | D:3      | Noticed Sigmund
  3623 | D:3      | Killed Sigmund
  3624 | D:3      | Reached skill level 5 in Fighting
  3624 | D:3      | Reached XP level 5. HP: 18/35 MP: 5/5
  3624 | D:3      | Reached XP level 6. HP: 20/40 MP: 6/6
  3793 | D:3      | Found a sparkling altar of Nemelex Xobeh.
  3881 | D:3      | Noticed Ijyb
  3890 | D:3      | Killed Ijyb
  4007 | D:3      | Found an ornate altar of the Wu Jian Council.
  4009 | D:3      | Found a shadowy altar of Dithmenos.
  4014 | D:3      | Found a bloodstained altar of Trog.
  4407 | D:4      | Quit the game

Illustrated notes

Levels and vault maps discovered:
D:1:      eino_arrival_cavern_d, layout_basic,
          shapermc_ecumenical_altar_totnotflames, chequers_serial_rivers_micro_a
D:2:      layout_basic, minmay_tromino_i2
D:3:      layout_basic, mainiacjoe_overflow_brackets, minitemple, uniq_sigmund,
          uniq_robin, uniq_ijyb
D:4:      layout_basic, minmay_temple_entry_large_hall

Skill      XL: |  1  2  3  4 |
---------------+-------------+-----
Armour         | 1 3 |  3.4
Fighting       | 4 5 |  5.2
Maces & Flails | 4 |  4.8
Dodging        | |  2.4
Stealth        | |  2.8

Action                   |  1- 3 |  4- 6 || total
-------------------------+-------+-------++-------
Melee: Mace              |    12 |       ||    12
       War axe           |    58 |       ||    58
       Morningstar       |    27 |   124 ||   151
       Great sword       |     8 |       ||     8
       Punch             |       |     1 ||     1
  Use: Scroll            |     5 |       ||     5
       Potion            |       |     2 ||     2
 Stab: Sleeping          |     6 |     2 ||     8
Armor: Leather armour    |    38 |    57 ||    95
       Skin              |       |    32 ||    32
Dodge: Dodged            |    72 |    95 ||   167
